 Dungeon Crawl Stone Soup version 0.15.0-23-gc2b521c (console) character file.

169 gw the Twirler (level 5, -4/45 HPs)
             Began as a Minotaur Gladiator on Sept 9, 2014.
             Was an Initiate of Qazlal.
             Slain by an orc warrior
             ... wielding a +0 short sword
              (17 damage)
             ... on Level 4 of the Dungeon.
             The game lasted 00:02:40 (3084 turns).

gw the Twirler (Minotaur Gladiator)                 Turns: 3084, Time: 00:02:40

HP  -4/45        AC 11     Str 20      XL: 5   Next: 25%
MP   2/2         EV  7     Int  5      God: Qazlal [......]
Gold 0           SH  0     Dex 11      Spells:  0 memorised,  4 levels left

rFire  + . .     SeeInvis .     a - +0 quarterstaff
rCold  + . .     Clarity  .     o - +2 chain mail {rF+}
rNeg   . . .     rCorr    .     (no shield)
rPois  .         rRot     .     c - +0 hat
rElec  .         Spirit   .     (no cloak)
SustAb .         Warding  .     (no gloves)
rMut   .         Stasis   .     (no boots)
Gourm  .                        (no amulet)
MR     .....                    (no ring)
                                h - ring of protection from cold

@: not resistant to hostile enchantments, extremely unstealthy
A: retaliatory headbutt, horns 2, regeneration 1, spit poison 1, placid magic 1
a: Spit Poison, Renounce Religion


You were on level 4 of the Dungeon.
You worshipped Qazlal.
Qazlal was noncommittal.
You were not hungry.

You visited 1 branch of the dungeon, and saw 4 of its levels.

Inventory:

Hand weapons
 a - a +0 quarterstaff (weapon)
Missiles
 d - 3 throwing nets
 e - 94 stones (quivered)
Armour
 c - a +0 hat (worn)
 o - a +2 chain mail of fire resistance (worn)
Comestibles
 b - 2 chunks of worker ant flesh
 f - 2 bread rations
 k - a slice of pizza
 m - 6 fruits
 p - 3 meat rations
 r - a beef jerky
Scrolls
 j - 2 scrolls of identify
 n - a scroll of amnesia
Jewellery
 h - a ring of protection from cold (left hand)
Potions
 g - 2 potions of curing
 q - a potion of resistance


   Skills:
 + Level 3.4 Fighting
 + Level 5.0 Staves
 + Level 2.8 Throwing
 + Level 2.8 Armour
 - Level 3.2 Dodging
 * Level 1.1 Invocations


You had 4 spell levels left.
You didn't know any spells.

Dungeon Overview and Level Annotations

Branches:
Dungeon (4/15)
 Temple: D:4-7

Altars:
Ashenzari
Cheibriados
Dithmenos
Makhleb
Okawaru
Qazlal
Vehumet
Zin


Innate Abilities, Weirdness & Mutations

You reflexively headbutt those who attack you in melee.
You have a pair of horns on your head.
Your natural rate of healing is unusually fast.
You can spit poison.
Your spells are a little easier to cast, but a little less powerful.


Message History

The bat hits you but does no damage.
FLEEEEING!
ATTACKING (-1,0)
You sock the bat!
You kill the bat!
Qazlal accepts your kill. The jackal barely misses you.
You furiously retaliate!
You headbutt the jackal!
You kill the jackal!
Qazlal accepts your kill. The orc hits you but does no damage.
FLEEEEING!
ATTACKING (-1,0)
You closely miss the giant cockroach. You headbutt the giant cockroach.
You kill the giant cockroach!
Qazlal accepts your kill. The orc closely misses you.
MOVING TO (0,8)
The orc hits you but does no damage. x3
The orc warrior hits you with a short sword!
You die...

...........# #......._.....
.7.7.....# #..#..........
.._....)......#.>.###...###.
7.7.7.##+###.#.# #E#...#E#.
..... #.# # ###...###. 7
7.#.##.# #.#......
........### ###........
#.#.....o.# #.........#
#.......oH# ###........
###.....oo###+## #.##.....
#............# #. #.....
####)........########..#
#.........+.........#
#)........########..#
#........####### ##.#
#....###.......## #.# .....+
+........###..


You could see an orc warrior and 3 orcs.

Table legend:
 A = Turns spent in this place as a percentage of turns spent in the entire game.
 B = Non-inter-level travel turns spent in this place as a percentage of non-inter-level travel turns spent in the entire game.
 C = Inter-level travel turns spent in this place as a percentage of turns spent in this place.
 D = Turns resting spent in this place as a percentage of non-inter-level travel turns spent in this place.
 E = Turns spent auto-exploring this place as a percentage of non-inter-level travel turns spent in this place.
 F = Non-inter-level travel turns spent in this place divided by the number of levels of this place that you've seen.
                   A       B       C       D       E      F
               +-------+-------+-------+-------+-------+----------------------
         Total | 100.0 | 100.0 |   1.6 |   1.7 |  10.6 | 347.2
       Dungeon | 100.0 | 100.0 |   1.6 |   1.7 |  10.6 | 347.2
               +-------+-------+-------+-------+-------+----------------------

Table legend:
 A = Kills in this place as a percentage of kills in entire the game.
 B = Kills by you in this place as a percentage of kills by you in the entire game.
 C = Kills by friends in this place as a percentage of kills by friends in the entire game.
 D = Other kills in this place as a percentage of other kills in the entire game.
 E = Experience gained in this place as a percentage of experience gained in the entire game.
 F = Experience gained in this place divided by the number of levels of this place that you have seen.
                   A       B       C       D       E      F
               +-------+-------+-------+-------+-------+----------------------
         Total | 100.0 | 100.0 |  -nan |  -nan | 100.0 |  60.5
       Dungeon | 100.0 | 100.0 |  -nan |  -nan | 100.0 |  60.5
               +-------+-------+-------+-------+-------+----------------------

Vanquished Creatures
  An orc priest (D:4)
  A worker ant (D:4)
  Terence (D:2)
  2 adders (D:2)
  2 worms (D:2)
  3 giant geckos
  2 orcs (D:4)
  8 bats
  4 giant cockroaches
  6 goblins
  8 hobgoblins
  6 jackals
  12 kobolds
  A ball python (D:3)
  5 giant newts
  3 quokkas
  7 rats
72 creatures vanquished.

Vanquished Creatures (others)
  A bat (D:1)
1 creature vanquished.

Grand Total: 73 creatures vanquished

Notes
Turn   | Place    | Note
--------------------------------------------------------------
     0 | D:1      | gw, the Minotaur Gladiator, began the quest for the Orb.
     0 | D:1      | Reached XP level 1. HP: 18/18 MP: 1/1
   206 | D:1      | Reached skill level 4 in Staves
   214 | D:1      | Reached XP level 2. HP: 22/25 MP: 1/1
   430 | D:1      | Reached skill level 1 in Armour
   930 | D:1      | Gained mutation: Your natural rate of healing is unusually fast. [potion of mutation]
   930 | D:1      | Gained mutation: You can spit poison. [potion of mutation]
   930 | D:1      | Gained mutation: Your spells are a little easier to cast, but a little less powerful. [potion of mutation]
   995 | D:2      | Noticed Terence
  1007 | D:2      | Killed Terence
  1007 | D:2      | Reached XP level 3. HP: 21/30 MP: 2/2
  1329 | D:2      | Found a snail-covered altar of Cheibriados.
  1338 | D:2      | Found a shattered altar of Ashenzari.
  1347 | D:2      | Reached XP level 4. HP: 38/38 MP: 2/2
  1435 | D:2      | Found a radiant altar of Vehumet.
  1499 | D:2      | Found a glowing silver altar of Zin.
  1499 | D:2      | Found a burning altar of Makhleb.
  1501 | D:2      | Noticed a cacodemon
  1501 | D:2      | Noticed an angel
  2163 | D:3      | Found a shadowy altar of Dithmenos.
  3004 | D:4      | Found a stormy altar of Qazlal.
  3007 | D:4      | Noticed a water elemental
  3007 | D:4      | Noticed an air elemental
  3008 | D:4      | Noticed a fire elemental
  3013 | D:4      | Became a worshipper of Qazlal Stormbringer
  3035 | D:4      | Reached skill level 5 in Staves
  3062 | D:4      | Found an iron altar of Okawaru.
  3067 | D:4      | Noticed an orc warrior
  3073 | D:4      | Reached XP level 5. HP: 22/45 MP: 2/2
  3076 | D:4      | Reached skill level 1 in Invocations
  3084 | D:4      | Slain by an orc warrior

Action                   |  1- 3 |  4- 6 || total
-------------------------+-------+-------++-------
Melee: Quarterstaff      |    54 |    56 ||   110
Throw: Stone             |   103 |   113 ||   216
 Abil: Spit Poison       |     4 |     3 ||     7
  Use: Scroll            |     4 |     5 ||     9
       Potion            |     3 |     5 ||     8
  Eat: Chunk             |     2 |     6 ||     8

Vault maps used:
D:1:      zaba_arrival_water, kennysheep_doodads, lemuel_flame_loot_1
D:2:      grunt_temple_overflow_order_and_chaos_2, grunt_temple_overflow_open,
          overflow_temple_1_default, uniq_terence
D:3:      grunt_dithmenos_smoke_and_mirrors, first_bread
D:4:      okawaru_trees_1, nicolae_qazlal_style_of_elements,
          minmay_temple_entry_oklob, minmay_quantized, uniq_edmund
